 Dungeon Crawl Stone Soup version 0.29.1-15-g9cfb28693d (webtiles) character file.

Game seed: 18144384618283490359

6837 redmage the Geomancer (level 11, -18/74 HPs)
             Began as a Meteoran Earth Elementalist on Sept 7, 2023.
             Was an Elder of Kikubaaqudgha.
             Shot with a bolt by an orc knight (32 damage)
             ... on level 2 of the Orcish Mines.
             The game lasted 00:24:56 (1377 turns).

redmage the Geomancer (Meteoran Earth Elementalist) Turns: 1377, Time: 00:24:56

Health: -18/74     AC:  6    Str: 10    XL:     11   Next: 50%
Magic:  12/24      EV: 12    Int: 21    God:    Kikubaaqudgha [****..]
Gold:   286        SH:  0    Dex: 15    Spells: 11/26 levels left

rFire   . . .      SeeInvis .   s - +7 flail (venom)
rCold   . . .      Faith    .   (no shield)
rNeg    . . .      Spirit   .   k - +0 troll leather armour {Pargi}
rPois   .          Reflect  .   (no helmet)
rElec   .          Harm     .   (no cloak)
rCorr   .          Rampage  .   (no gloves)
Will    ++...                   a - +1 pair of boots "Fipu Midgh" {Will+}
Stlth   +.........              (no amulet)
HPRegen 1.02/turn               (no ring)
MPRegen 0.19/turn               (no ring)

@: animating dead, glowing
A: sense surroundings 2, otherworldly, glowing, explore regen
a: Renounce Religion, Unearth Wretches


You were on level 2 of the Orcish Mines.
You worshipped Kikubaaqudgha.
Kikubaaqudgha was greatly pleased with you.
You visited 2 branches of the dungeon, and saw 11 of its levels.
You also visited: Bailey.

You collected 286 gold pieces.

Inventory:

Hand Weapons
 s - a +7 flail of venom (weapon)
Armour
 a - the +1 pair of boots "Fipu Midgh" (worn) {Will+}
   (You acquired it on level 8 of the Dungeon)

   Will:      It increases your willpower.
 k - a +0 troll leather armour (worn) {Pargi}
 m - a +1 robe of willpower
Wands
 o - a wand of roots (2)
Scrolls
 d - 2 scrolls of enchant weapon
 g - 2 scrolls of magic mapping
 j - a scroll of butterflies
Potions
 b - 2 potions of brilliance
 c - a potion of haste
 e - a potion of cancellation {unknown}
 p - a potion of lignification {unknown}
 q - 6 potions of heal wounds {unknown}
 r - a potion of mutation {unknown}


   Skills:
 + Level 0.1 Fighting
 - Level 10.0 Maces & Flails
 - Level 4.0 Armour
 + Level 2.4 Dodging
 - Level 1.4 Stealth
 + Level 8.2 Spellcasting
 - Level 5.0 Conjurations
 - Level 10.0 Necromancy
 - Level 1.2 Transmutations
 - Level 10.0 Earth Magic


You had 11 spell levels left.
You knew the following spells:

 Your Spells              Type           Power      Damage    Failure   Level
a - Sandblast             Erth           100%       2d20      1%          1
b - Passwall              Tmut/Erth      26%        N/A       1%          2
c - Stone Arrow           Conj/Erth      80%        3d12      1%          3
e - Borgnjor's Vile Clut  Necr/Erth      25%        N/A       4%          5
f - Animate Dead          Necr           50%        N/A       1%          4

Your spell library contained the following spells:

 Spells                   Type           Power      Damage    Failure   Level
 Necrotise                Necr           100%       1d9       1%          1
 Sublimation of Blood     Necr           50%        N/A       1%          2
 Vampiric Draining        Necr           50%        2d9       1%          3
 Dispel Undead            Necr           50%        3d19      1%          4
 Agony                    Necr           50%        N/A       4%          5
 Petrify                  Tmut/Erth      32%        N/A       10%         4
 Corpse Rot               Necr/Pois/Air  22%        N/A       26%         4
 Death Channel            Necr           25%        N/A       26%         6


Dungeon Overview and Level Annotations

Branches:
Dungeon (9/15) Zot: 4318   Temple (0/1) D:5            Lair (0/5) D:8
    Orc (2/2) D:9 Zot: 1081  Bailey (visited)
    Elf: Orc:2

Altars:
Fedhas
Gozag
Kikubaaqudgha
Makhleb

Shops:
D:7 (   Orc:1 [


Innate Abilities, Weirdness & Mutations

You passively map the area around you.
You are easily found by Zot.
You glow in the dark.
You regain HP and MP as you explore.


Message History

Kikubaaqudgha accepts your kill.
Kikubaaqudgha is now protecting you from unholy torment.
The dead are walking!
The orc knight shoots a bolt.
The bolt hits you!
The orc knight roars a battlecry!
The orcs go into a battle-frenzy!
Training target 10.0 for Maces & Flails reached!
Your Maces & Flails skill increases to level 10!
You need to enable at least one skill for training.
Casting: Sandblast (safe; 1% risk of failure)
Confirm with . or Enter, or press ? or * to list all spells.
Aiming: Stone Arrow (safe; 1% risk of failure)
Press: ? - help, Shift-Dir - straight line, f - orc warrior
Aim: an orc warrior, wielding a +0 scimitar and wearing a +0 plate armour (strong, 76% to hit)
The stone arrow hits the orc warrior!
The orc warrior is heavily wounded.
The orc knight shoots a bolt.
The bolt closely misses you.
You hear a shout!
Casting: Stone Arrow (safe; 1% risk of failure)
Confirm with . or Enter, or press ? or * to list all spells.
Aiming: Stone Arrow (safe; 1% risk of failure)
Press: ? - help, Shift-Dir - straight line, f/p - orc warrior
Aim: an orc warrior, wielding a +0 scimitar and wearing a +0 plate armour (heavily wounded, strong, 76% to hit)
The stone arrow hits the orc warrior!
The orc warrior is almost dead.
The orc warrior hits you with a +0 scimitar!
The orc knight shoots a bolt.
The bolt hits you!!
* * * LOW HITPOINT WARNING * * *
Unknown command.
Okay, then.
Casting: Stone Arrow (safe; 1% risk of failure)
Confirm with . or Enter, or press ? or * to list all spells.
Aiming: Stone Arrow (safe; 1% risk of failure)
Press: ? - help, Shift-Dir - straight line, f/p - orc warrior
Aim: an orc warrior, wielding a +0 scimitar and wearing a +0 plate armour (almost dead, strong, 76% to hit)
The stone arrow hits the orc warrior!!
You kill the orc warrior!
Kikubaaqudgha accepts your kill.
The dead are walking!
The orc knight shoots a bolt.
The bolt hits you!!
You die...
Kikubaaqudgha rasps: "You have failed me!
Welcome... death!"

, , ~ , * , ,, *
* ~ ~ *..... , ,*
#..... , ,, * ~
###......*, * ,
,* ~ *#........ *
, , * ##........
* #######.......#
, *
..............##
, ,
#...Zo.@......# ,
, .#.)..)Z....^#.
,
.(..............
,,* ,
.o............#.,
, .............##
, ...............
, * , ,
..........$.....
, ,
................
, ,
,....$..........


You could see an orc knight, an orc (strong, ally target), a friendly orc
warrior zombie and a friendly ogre zombie.

Vanquished Creatures
  Erolcha (D:9)
  A vault guard (Bailey)
  Prince Ribbit (Bailey)
  3 yaks (D:9)
  8 humans (Bailey)
  Menkaure (D:7)
  A water moccasin (D:5)
  4 orc warriors
  A black bear (D:4)
  Pargi (D:3)
  4 ogres
  2 centaurs
  2 phantoms
  A scorpion (D:7)
  7 bullfrogs
  5 wights (D:7)
  5 killer bees
  3 jellies
  An orc priest (D:8)
  5 hounds
  4 iguanas
  An adder (D:3)
  A shadow imp (D:4)
  A white imp (D:6)
  An ufetubus (D:5)
  2 dart slugs (D:4)
  10 orcs
  2 bats (D:1)
  2 endoplasms
  8 goblins
  3 hobgoblins
  2 kobolds (D:4)
  A quokka (D:3)
  3 ball pythons (D:1)
  2 frilled lizards
  A rat (D:1)
101 creatures vanquished.

Vanquished Creatures (collateral kills)
  A vault guard (Bailey)
  2 yaks (D:9)
  2 bullfrogs (Bailey)
  3 killer bees
  3 orcs (D:9)
11 creatures vanquished.

Vanquished Creatures (others)
  2 human zombies (Bailey)
  A killer bee zombie (D:9)
  A goblin zombie (Bailey)
4 creatures vanquished.

Grand Total: 116 creatures vanquished

Notes
Turn   | Place    | Note
-------+----------+-------------------------------------------
     0 | D:1      | redmage the Meteoran Earth Elementalist began the quest for
                  | the Orb.
     0 | D:1      | Reached XP level 1. HP: 14/14 MP: 5/5
    97 | D:1      | Reached XP level 2. HP: 20/20 MP: 5/7
   113 | D:1      | Found a faded altar of an unknown god.
   123 | D:1      | Prayed at the altar of an unknown god.
   123 | D:1      | Became a worshipper of Kikubaaqudgha
   123 | D:1      | Reached * piety under Kikubaaqudgha
   123 | D:1      | Received a gift from Kikubaaqudgha
   151 | D:1      | Learned a level 2 spell: Passwall
   286 | D:4      | Noticed a black bear
   286 | D:4      | Noticed a jelly
   317 | D:3      | Reached XP level 3. HP: 22/26 MP: 4/8
   320 | D:3      | Found an opulent altar of Gozag.
   328 | D:3      | Noticed Pargi
   335 | D:3      | Killed Pargi
   336 | D:3      | Reached skill level 5 in Earth Magic
   336 | D:3      | Reached XP level 4. HP: 15/33 MP: 4/11
   336 | D:3      | Reached XP level 5. HP: 17/38 MP: 4/12
   352 | D:3      | Learned a level 3 spell: Stone Arrow
   357 | D:3      | Learned a level 4 spell: Animate Dead
   377 | D:4      | Noticed an ogre
   380 | D:4      | Killed an ogre
   381 | D:4      | Reached skill level 1 in Armour
   381 | D:4      | Reached skill level 1 in Conjurations
   381 | D:4      | Reached skill level 1 in Necromancy
   381 | D:4      | Reached XP level 6. HP: 36/45 MP: 6/14
   382 | D:4      | Reached skill level 5 in Spellcasting
   414 | D:4      | Killed a black bear
   415 | D:4      | Reached XP level 7. HP: 50/50 MP: 11/15
   438 | D:4      | Found a blossoming altar of Fedhas.
   446 | D:4      | Reached ** piety under Kikubaaqudgha
   501 | D:5      | Entered Level 5 of the Dungeon
   549 | D:5      | Noticed a water moccasin
   555 | D:5      | Killed a water moccasin
   559 | D:5      | Found a staircase to the Ecumenical Temple.
   569 | D:5      | Reached XP level 8. HP: 52/57 MP: 3/17
   660 | D:7      | Found a burning altar of Makhleb.
   663 | D:7      | Found Opacw's Weapon Boutique.
   673 | D:7      | Noticed Menkaure
   676 | D:7      | Killed Menkaure
   749 | D:7      | Gained mutation: You passively map the area around you.
                  | [Meteoran growth]
   749 | D:7      | Reached XP level 9. HP: 62/62 MP: 5/19
   813 | D:8      | Reached skill level 5 in Conjurations
   822 | D:8      | Identified a scroll of acquirement
   822 | D:8      | Acquired the +1 pair of boots "Fipu Midgh" {Will+}
   845 | D:8      | Reached skill level 5 in Necromancy
   868 | D:8      | Found a flagged portal.
   878 | D:8      | Reached skill level 1 in Maces & Flails
   882 | Bailey   | Entered a bailey
   900 | Bailey   | Reached *** piety under Kikubaaqudgha
   900 | Bailey   | Received a gift from Kikubaaqudgha
   914 | Bailey   | Learned a level 5 spell: Borgnjor's Vile Clutch
   937 | Bailey   | Reached XP level 10. HP: 31/69 MP: 3/23
   962 | Bailey   | Reached skill level 5 in Maces & Flails
  1007 | Bailey   | Noticed Prince Ribbit
  1011 | Bailey   | Killed Prince Ribbit
  1020 | Bailey   | Noticed a vault guard
  1030 | Bailey   | Killed a vault guard
  1064 | Bailey   | Noticed a vault guard
  1077 | Bailey   | Killed a vault guard
  1078 | Bailey   | Reached XP level 11. HP: 60/74 MP: 5/24
  1145 | D:9      | Reached skill level 10 in Earth Magic
  1148 | D:9      | Reached skill level 10 in Necromancy
  1219 | D:9      | Found a staircase to the Orcish Mines.
  1219 | D:9      | Noticed Erolcha
  1224 | D:9      | Killed Erolcha
  1261 | Orc:1    | Entered Level 1 of the Orcish Mines
  1287 | Orc:1    | Found Ohuid's Armour Shoppe.
  1368 | Orc:2    | Entered Level 2 of the Orcish Mines
  1370 | Orc:2    | Noticed an orc knight
  1374 | Orc:2    | Reached **** piety under Kikubaaqudgha
  1375 | Orc:2    | Reached skill level 10 in Maces & Flails
  1377 | Orc:2    | Shot with a bolt by an orc knight

Illustrated notes

Levels and vault maps discovered:
D:1:      wander_arrival_chamber, layout_loops_cross,
          dreamdust_ecumenical_altar_statues
D:2:      layout_basic, serial_shops, nicolae_shop_behind_doors
D:3:      layout_basic, nicolae_ashenzari_skybound, grunt_gozag_statues,
          uniq_pargi
D:4:      layout_rooms, mainiacjoe_overflow_paths, gammafunk_ghost_split
D:5:      layout_basic, minmay_temple_entry_stoned_glass
D:6:      layout_basic
D:7:      layout_rooms, lemuel_crystal_altar,
          nicolae_overflow_hallway_of_the_gods, serial_shops,
          nicolae_shop_bloodbath_and_beyond, lightli_corner_chamber,
          uniq_crazy_yiuf_cottage, uniq_menkaure
D:8:      layout_basic, grunt_dithmenos_shadows, lair_entry_dummy,
          enter_bailey_6
D:9:      layout_layer_cave, nicolae_wu_jian_wuxing_cycle, david_orc_2,
          uniq_erolcha, uniq_prince_ribbit1, uniq_maurice, uniq_maggie
Orc:1:    layout_caves, serial_shops, nicolae_shop_hallway_plus,
          minmay_orc_barracks, uniq_harold
Orc:2:    grunt_orc_gardens, layout_caves, grunt_orc_garden, grunt_orc_garden,
          grunt_orc_garden, grunt_orc_garden, gammafunk_ghost_wrathful_warriors,
          mines_bat_river, uniq_azrael, uniq_snorg

Skill      XL: |  1  2  3  4  5  6  7  8  9 10 11 |
---------------+----------------------------------+-----
Spellcasting   | 3 4 5 6 8 |  8.2
Earth Magic    | 4 5 6 7 8 9 10 | 10.0
Armour         | 1 2 3 4 |  4.0
Conjurations   | 1 2 3 4 5 |  5.0
Necromancy     | 1 2 4 6 9 10 | 10.0
Maces & Flails | 4 6 10 | 10.0
Fighting       | |  0.1
Dodging        | |  2.4
Stealth        | |  1.4
Transmutations | |  1.2

Action                   |  1- 3 |  4- 6 |  7- 9 | 10-12 || total
-------------------------+-------+-------+-------+-------++-------
Melee: Unarmed           |     2 |       |       |       ||     2
       War axe           |       |       |     2 |       ||     2
       Flail             |       |       |    18 |    48 ||    66
       Punch             |       |       |       |     1 ||     1
Throw: Dart              |       |       |       |     2 ||     2
 Cast: Sandblast         |    24 |     8 |    55 |     7 ||    94
       Passwall          |     2 |       |     1 |     1 ||     4
       Stone Arrow       |       |     3 |    35 |     9 ||    47
       Borgnjor's Vile C |       |       |       |    11 ||    11
       Animate Dead      |       |       |       |     4 ||     4
Evoke: Wand              |       |       |       |     2 ||     2
  Use: Potion            |       |       |     1 |       ||     1
       Scroll            |       |       |    11 |     1 ||    12
Armor: Robe              |     9 |       |       |       ||     9
       Troll leather arm |       |     2 |    12 |    11 ||    25
Dodge: Dodged            |    12 |     6 |    34 |    35 ||    87
